 Dungeon Crawl Stone Soup version 0.27.0-1-g7a089689b8 (webtiles) character file.

Game seed: 650150086459184010

8714 mandarbmax the Fighter (level 11, -11/124 HPs)
             Began as an Ogre Gladiator on Aug 1, 2021.
             Was a High Priest of Okawaru.
             Mangled by a two-headed ogre (35 damage)
             ... on level 11 of the Dungeon.
             The game lasted 00:19:07 (12891 turns).

mandarbmax the Fighter (Ogre Gladiator)            Turns: 12891, Time: 00:19:09

Health: -11/124    AC:  7    Str: 23    XL:     11   Next: 35%
Magic:  15/15      EV: 12    Int:  9    God:    Okawaru [*****.]
Gold:   651        SH:  0    Dex: 19    Spells: 10/10 levels left

rFire    . . .     SeeInvis .   l - +4 quarterstaff (chaos)
rCold    . . .     Faith    .   (shield currently unavailable)
rNeg     . . .     Spirit   .   R - +3 robe of Terihept {Dex+3}
rPois    .         Reflect  .   c - +1 hat
rElec    .         Harm     .   Q - scarf {shadows}
rCorr    .         Rampage  .   (gloves unavailable)
Will     +....                  (boots unavailable)
Stlth    ++........             n - amulet of magic regeneration
HPRegen  0.30/turn              C - +6 ring of dexterity
MPRegen  0.39/turn              r - +4 ring of slaying

@: no status effects
A: large, unfitting armour, tough skin 1
a: Renounce Religion, Heroism, Finesse


You were on level 11 of the Dungeon.
You worshipped Okawaru.
Okawaru was extremely pleased with you.
You visited 2 branches of the dungeon, and saw 12 of its levels.

You collected 651 gold pieces.

Inventory:

Hand Weapons
 l - a +4 quarterstaff of chaos (weapon)
Missiles
 d - 2 throwing nets
 k - 56 poisoned darts (quivered)
 q - 2 atropa-tipped darts
 K - 4 javelins
 M - 6 curare-tipped darts
 O - 12 boomerangs
Armour
 c - a +1 hat (worn)
 o - a +0 tower shield
 t - a +0 cloak
 G - +0 acid dragon scales
 Q - a scarf of shadows (worn)
 R - the +3 robe of Terihept (worn) {Dex+3}
   (You found it on level 9 of the Dungeon)

   Dex:       It affects your dexterity (+3).
 S - a +0 troll leather armour
Jewellery
 e - a ring of resist corrosion
 n - an amulet of magic regeneration (around neck)
 r - a +4 ring of slaying (right hand)
 w - a ring of willpower
 C - a +6 ring of dexterity (left hand)
 E - a +6 ring of strength
 H - a +6 ring of strength
 J - a ring of see invisible
 N - a +4 ring of protection
 P - a ring of fire
Wands
 j - a wand of flame (19)
 u - a wand of charming (2)
 x - a wand of acid (16)
 z - a wand of iceblast (5)
 I - a wand of paralysis (5)
Scrolls
 a - 2 scrolls of summoning
 b - 2 scrolls of fog {unknown}
 h - a scroll of blinking
 i - 2 scrolls of amnesia
 m - 2 scrolls of holy word
 p - 2 scrolls of vulnerability
 s - a scroll of magic mapping
 y - 2 scrolls of brand weapon {unknown}
 D - 2 scrolls of silence {unknown}
 U - a scroll of fear {unknown}
Potions
 f - a potion of heal wounds
 g - 3 potions of curing
 v - 3 potions of lignification
 A - a potion of attraction
 B - a potion of flight {unknown}
 F - 3 potions of brilliance {unknown}
 L - a potion of ambrosia {unknown}
 T - a potion of mutation {unknown}


   Skills:
 + Level 12.5 Fighting
 - Level 9.0 Staves
 + Level 9.6 Throwing
 + Level 5.0 Dodging
 - Level 6.0 Invocations


You had 10 spell levels left.
You didn't know any spells.
Your spell library contained the following spells:

 Spells                   Type           Power      Damage    Failure   Level
 Animate Skeleton         Necr           0%         N/A       38%         1
 Apportation              Tloc           0%         N/A       38%         1
 Corona                   Hex            0%         N/A       38%         1
 Sting                    Tmut/Pois      0%         1d3       38%         1
 Summon Small Mammal      Summ           0%         N/A       38%         1
 Poisonous Vapours        Pois/Air       0%         N/A       52%         2
 Static Discharge         Conj/Air       0%         N/A       52%         2
 Gell's Gravitas          Tloc           0%         N/A       77%         3
 Teleport Other           Tloc           0%         N/A       77%         3
 Animate Dead             Necr           0%         N/A       99%         4
 Dispel Undead            Necr           0%         3d6       99%         4
 Olgreb's Toxic Radiance  Pois           0%         N/A       99%         4
 Sticky Flame             Conj/Fire      0%         2d3       99%         4
 Borgnjor's Vile Clutch   Necr/Erth      0%         N/A       100%        5
 Death Channel            Necr           0%         N/A       100%        6
 Dispersal                Tloc           0%         N/A       100%        6


Dungeon Overview and Level Annotations

Branches:
Dungeon (11/15)            Temple (1/1) D:4             Orc (0/2) D:10
   Lair: D:8-11

Altars:
Ashenzari
Okawaru
Vehumet
Yredelemnul
Zin
The Shining One

Shops:
D:7 (

Annotations:
D:4 3 runed translucent doors, sasquatch's ghost, novice DsBe; shakesphere1979's ghost, amateur DsMo


Innate Abilities, Weirdness & Mutations

You are too large for most types of armour.
You have tough skin. (AC +1)


Message History

You thump the cyan ugly thing!
The cyan ugly thing seems to grow stronger.
The cyan ugly thing is severely wounded.
The cyan ugly thing kicks you. The cyan ugly thing shocks you!
* * * LOW HITPOINT WARNING * * *
Unknown command.
A two-headed ogre comes into view.
It is wielding a +0 giant spiked club and a +0 giant club.
The two-headed ogre shouts in stereo!
The cyan ugly thing misses you.
There is a shaft here.
The cyan ugly thing falls through a shaft!
The shaft crumbles and collapses.
There is a stone staircase leading up here.
You climb upwards.
There is a stone staircase leading down here.
You start resting.
HP restored.
Okay, then.
You climb downwards.
The two-headed ogre hits you with a +0 giant spiked club!!
The two-headed ogre hits you with a +0 giant club!
There is a stone staircase leading up, spattered with blood here.
You thump the two-headed ogre!
The two-headed ogre is poisoned.
The two-headed ogre is moderately wounded.
The two-headed ogre hits you with a +0 giant spiked club.
The two-headed ogre barely misses you.
You sock the two-headed ogre!
The two-headed ogre resists with almost no effort.
The two-headed ogre is moderately wounded.
You sock the two-headed ogre! You freeze the two-headed ogre.
The two-headed ogre is severely wounded.
The two-headed ogre hits you with a +0 giant spiked club!!
The two-headed ogre hits you with a +0 giant club!
You hit the two-headed ogre.
The two-headed ogre seems to grow stronger.
The two-headed ogre is almost dead.
The two-headed ogre hits you with a +0 giant spiked club!!
* * * LOW HITPOINT WARNING * * *
The two-headed ogre hits you with a +0 giant club!!
You die...

#.# ##########.###.###...
####'##### #..............###...
.........# #..............###...
.........####................?...
.........'.##.............##.....
.........#.##.............# #....
.........#>##............... ....
.........#..#...O.........#.+ ...
.........##.....@.........###
.........####.............#
.........# ###############
##########


You could see a two-headed ogre (strong, very poisoned).

Vanquished Creatures
  Gastronok (D:9)
  2 two-headed ogres
  An ugly thing (D:10)
  A manticore (D:10)
  Joseph (D:8)
  Maggie (D:7)
  2 trolls
  Sigmund (D:3)
  A shadow (D:10)
  2 wyverns (D:9)
  3 water moccasins
  2 ice beasts (D:7)
  A black bear (D:5)
  A sky beast (D:6)
  2 necrophages
  4 orc warriors
  3 centaurs
  A gnoll sergeant (D:10)
  2 scorpions (D:5)
  5 bullfrogs
  A water moccasin zombie (D:5)
  A wyvern skeleton (D:7)
  A water moccasin skeleton (D:6)
  5 centaur zombies
  3 howler monkeys (D:10)
  2 hounds
  A bullfrog zombie (D:7)
  7 orc priests
  Crazy Yiuf (D:3)
  3 jellies
  3 bullfrog skeletons
  Jessica (D:3)
  4 iguanas
  9 orc wizards
  3 hound skeletons (D:4)
  A howler monkey zombie (D:9)
  3 gnolls (D:10)
  4 adders
  A howler monkey skeleton (D:7)
  2 shadow imps (D:7)
  A white imp (D:4)
  2 ufetubi
  A worm (D:3)
  2 dart slugs
  49 orcs
  8 ball pythons
  6 endoplasms
  3 giant cockroaches
  3 hobgoblins
  4 jackals (D:4)
  5 kobolds
  2 quokkas (D:5)
  4 bats
  5 frilled lizards
  15 goblins
  5 rats
208 creatures vanquished.

Vanquished Creatures (others)
  2 plants (D:9)
2 creatures vanquished.

Grand Total: 210 creatures vanquished

Notes
Turn   | Place    | Note
-------+----------+-------------------------------------------
     0 | D:1      | mandarbmax the Ogre Gladiator began the quest for the Orb.
     0 | D:1      | Reached XP level 1. HP: 22/22 MP: 1/1
   229 | D:1      | Reached skill level 3 in Fighting
   264 | D:1      | Reached XP level 2. HP: 27/31 MP: 2/2
  1404 | D:2      | Reached skill level 4 in Fighting
  1404 | D:2      | Reached XP level 3. HP: 36/39 MP: 3/3
  1486 | D:2      | Found an iron altar of Okawaru.
  1550 | D:2      | Became a worshipper of Warmaster Okawaru
  1962 | D:2      | Found a faded altar of an unknown god.
  2176 | D:3      | Reached XP level 4. HP: 25/49 MP: 4/4
  2461 | D:3      | Reached skill level 5 in Fighting
  2461 | D:3      | Reached XP level 5. HP: 53/57 MP: 5/5
  2658 | D:3      | Noticed Sigmund
  2676 | D:3      | Killed Sigmund
  2676 | D:3      | Reached * piety under Okawaru
  2677 | D:3      | Reached XP level 6. HP: 38/67 MP: 6/6
  2950 | D:3      | Found a radiant altar of Vehumet.
  3255 | D:3      | Found a runed translucent door.
  3256 | D:3      | Noticed Crazy Yiuf
  3364 | D:3      | Noticed Jessica
  3369 | D:3      | Killed Jessica
  3448 | D:3      | Reached skill level 6 in Fighting
  3851 | D:4      | Found a staircase to the Ecumenical Temple.
  3858 | D:4      | Reached skill level 1 in Invocations
  3858 | D:4      | Reached XP level 7. HP: 57/75 MP: 7/7
  3958 | Temple   | Entered the Ecumenical Temple
  4541 | D:3      | Killed Crazy Yiuf
  4806 | D:5      | Entered Level 5 of the Dungeon
  4937 | D:4      | Reached skill level 5 in Staves
  5028 | D:4      | Found a runed translucent gate.
  5030 | D:4      | Found a runed translucent gate.
  5031 | D:4      | Found a runed translucent gate.
  5033 | D:4      | Noticed shakesphere1979's ghost (amateur DsMo)
  5033 | D:4      | Noticed sasquatch's ghost (novice DsBe)
  5197 | D:5      | Reached ** piety under Okawaru
  5330 | D:5      | Reached skill level 7 in Fighting
  5420 | D:5      | Reached XP level 8. HP: 79/87 MP: 8/10
  5496 | D:5      | Found a glowing silver altar of Zin.
  5503 | D:5      | Reached skill level 5 in Throwing
  5610 | D:5      | Found a basalt altar of Yredelemnul.
  5680 | D:5      | Found a glowing golden altar of the Shining One.
  6313 | D:5      | Found a broken altar of Ashenzari.
  6536 | D:6      | Reached skill level 8 in Fighting
  7029 | D:6      | Reached *** piety under Okawaru
  7183 | D:6      | Reached XP level 9. HP: 97/97 MP: 12/12
  7432 | D:7      | Found Cuenn's Antique Weapon Shoppe.
  7448 | D:7      | Reached skill level 5 in Invocations
  7953 | D:7      | Reached skill level 9 in Fighting
  8217 | D:7      | Noticed Maggie
  8228 | D:7      | Killed Maggie
  8423 | D:7      | Found an iron altar of Okawaru.
  8515 | D:7      | Reached **** piety under Okawaru
  9258 | D:8      | Noticed Joseph
  9271 | D:8      | Killed Joseph
  9272 | D:8      | Reached skill level 10 in Fighting
  9272 | D:8      | Reached XP level 10. HP: 107/110 MP: 14/14
  9307 | D:8      | Noticed a two-headed ogre
  9325 | D:8      | Killed a two-headed ogre
 10093 | D:9      | Noticed Gastronok
 10109 | D:9      | Killed Gastronok
 10109 | D:9      | Reached ***** piety under Okawaru
 10109 | D:9      | Received a gift from Okawaru
 10110 | D:9      | Reached skill level 11 in Fighting
 10499 | D:9      | Noticed a two-headed ogre
 10504 | D:9      | Killed a two-headed ogre
 10504 | D:9      | Received a gift from Okawaru
 10505 | D:9      | Reached XP level 11. HP: 107/123 MP: 13/15
 10732 | D:9      | Identified the +3 robe of Terihept {Dex+3}
 10811 | D:9      | Reached skill level 12 in Fighting
 11269 | D:10     | Entered Level 10 of the Dungeon
 11376 | D:10     | Found a staircase to the Orcish Mines.
 11676 | D:10     | Noticed a manticore
 11694 | D:10     | Killed a manticore
 12120 | D:10     | Noticed a brown ugly thing
 12130 | D:10     | Killed a brown ugly thing
 12518 | D:11     | Found a broken altar of Ashenzari.
 12533 | D:11     | Noticed a cyan ugly thing
 12541 | D:11     | Reached skill level 5 in Dodging
 12550 | D:11     | Noticed a two-headed ogre
 12891 | D:11     | Mangled by a two-headed ogre

Illustrated notes

Levels and vault maps discovered:
D:1:      saegor_arrival_simple_a, layout_loops_corners, minmay_misc_feat_rows,
          ebering_dispersal_statue_hall, dk_noncrumbling_2,
          minmay_misc_feat_hallway
D:2:      layout_basic, basic_altar, hellmonk_ecumenical_altar_heavens_door,
          chequers_serial_rivers_small_b
D:3:      kb_forest_paths, layout_basic, mainiacjoe_overflow_chevrons,
          uniq_sigmund, uniq_crazy_yiuf_cottage, uniq_jessica
D:4:      layout_basic, minmay_temple_entry_trees, gammafunk_ghost_cemetery
D:5:      layout_basic, amcnicky_altar_gilded, jmf_multi_god_temple,
          kennysheep_mini_moat, dk_rats_in_the_wall
D:6:      layout_loops_ring, grunt_ministairs_1
D:7:      minmay_evil_eye, layout_basic, okawaru_altar_gauntlet_db,
          serial_shops, nicolae_shop_crystal, nrook_uturn, moated_statue,
          uniq_maggie
D:8:      layout_cave_pods, chequers_serial_rivers_micro_a,
          minmay_tree_intersection, uniq_joseph
D:9:      layout_long_grid, serial_bayou_crossing, uniq_gastronok
D:10:     layout_loops_corners, orc_0_dummy
D:11:     layout_roguey, david_lair_shrubbed, enter_trove_3, st_stairs_13,
          cheibrodos_ashenzari_chains, uniq_sonja, uniq_josephine
Temple:   regret_index_temple_sphere_string

Skill      XL: |  1  2  3  4  5  6  7  8  9 10 11 |
---------------+----------------------------------+-----
Fighting       | 3 4 5 6 7 8 10 11 12 | 12.5
Dodging        | 3 5 |  5.0
Throwing       | 3 4 6 7 9 |  9.6
Staves         | 4 5 6 7 9 |  9.0
Invocations    | 1 2 4 6 |  6.0

Action                   |  1- 3 |  4- 6 |  7- 9 | 10-12 || total
-------------------------+-------+-------+-------+-------++-------
Melee: Quarterstaff      |    78 |   114 |   240 |   135 ||   567
Throw: Dart              |     4 |     1 |    19 |    47 ||    71
       Throwing net      |       |     1 |       |       ||     1
       Javelin           |       |     2 |    24 |     6 ||    32
Invok: Heroism           |       |       |     3 |     4 ||     7
  Use: Scroll            |       |     5 |     9 |     1 ||    15
       Potion            |       |     1 |       |       ||     1
 Stab: Invisible         |     1 |       |       |       ||     1
       Sleeping          |       |       |       |     1 ||     1
       Paralysed         |       |       |       |     1 ||     1
Armor: Robe              |    19 |    34 |    44 |    14 ||   111
       Skin              |       |     5 |       |       ||     5
       Acid dragon scale |       |       |    11 |    19 ||    30
Dodge: Dodged            |    42 |    60 |   121 |    47 ||   270
